 Dungeon Crawl Stone Soup version 0.29.1-15-g9cfb28693d (webtiles) character file.

Game seed: 15311804007895586416

2952 firemarshallily the Covert (level 9, 0/62 HPs)
             Began as an Octopode Brigand on Feb 25, 2023.
             Was an Elder of Uskayaw.
             Slain by a yak (17 damage)
             ... on level 8 of the Dungeon.
             The game lasted 00:19:55 (7766 turns).

firemarshallily the Covert (Octopode Brigand)       Turns: 7766, Time: 00:19:55

Health: 0/62       AC:  1    Str: 16    XL:     9   Next: 81%
Magic:  9/9        EV: 15    Int: 14    God:    Uskayaw [****..]
Gold:   368        SH:  5    Dex: 17    Spells: 8/8 levels left

rFire   . . .      SeeInvis .   f - +4 quick blade
rCold   . . .      Faith    .   (no shield)
rNeg    + . .      Spirit   .   (helmet restricted)
rPois   +          Reflect  +   B - amulet of reflection
rElec   .          Harm     .   i - ring of positive energy
rCorr   .          Rampage  .   o - +6 ring of strength
Will    .....                   D - ring of poison resistance
Stlth   ++++++....              (no ring)
HPRegen 0.20/turn               (no ring)
MPRegen 0.11/turn               (no ring)
                                (no ring)
                                (no ring)

@: no status effects
A: almost no armour, amphibious, 8 rings, camouflage 1, gelatinous body 1,
(nimble swimmer 1), tentacles
a: Renounce Religion, Stomp, Line Pass


You were on level 8 of the Dungeon.
You worshipped Uskayaw.
Uskayaw was noncommittal.
You visited 1 branch of the dungeon, and saw 8 of its levels.
You also visited: Ossuary.

You collected 368 gold pieces.

Inventory:

Hand Weapons
 a - a +2 dagger
 f - a +4 quick blade (weapon)
Missiles
 b - 15 poisoned darts (quivered)
 c - 4 curare-tipped darts
 d - 2 throwing nets
 y - 2 javelins
Jewellery
 i - a ring of positive energy (left tentacle)
 o - a +6 ring of strength (right tentacle)
 B - an amulet of reflection (around mantle)
 D - a ring of poison resistance (on tentacle)
Wands
 r - a wand of acid (7)
 C - a wand of roots (15)
 E - a wand of digging (6)
Scrolls
 g - 2 scrolls of magic mapping
 j - 2 scrolls of fear
 s - 4 scrolls of poison
 t - 3 scrolls of summoning
 w - a scroll of butterflies
 x - 5 scrolls of teleportation
 A - a scroll of vulnerability
Potions
 e - 5 potions of curing
 h - 6 potions of mutation
 k - a potion of lignification {unknown}
 l - 2 potions of magic {unknown}
 m - 2 potions of invisibility
 n - 2 potions of heal wounds
 p - a potion of degeneration {unknown}
 q - 4 potions of attraction
 u - 2 potions of might {unknown}
 v - a potion of cancellation {unknown}
 z - 3 potions of flight {unknown}
 G - a potion of resistance {unknown}


   Skills:
 + Level 5.7 Fighting
 * Level 8.0 Short Blades
 - Level 2.0 Throwing
 + Level 5.0 Dodging
 * Level 12.2 Stealth


You had 8 spell levels left.
You didn't know any spells.
Your spell library contained the following spells:

 Spells                   Type           Power      Damage    Failure   Level
 Magic Dart               Conj           0%         1d3       28%         1
 Call Imp                 Summ           0%         N/A       41%         2
 Mephitic Cloud           Conj/Pois/Air  0%         N/A       65%         3


Dungeon Overview and Level Annotations

Branches:
Dungeon (8/15)             Temple (0/1) D:6         Ossuary (visited)
   Lair: D:8-11

Altars:
Ashenzari
Cheibriados
Dithmenos
Elyvilon
Gozag
Makhleb
Nemelex Xobeh
Okawaru
Sif Muna
Uskayaw
Wu Jian
Xom
The Shining One

Annotations:
D:4 3 runed translucent doors, nshep25's ghost, amateur MiFi
D:5 3 runed translucent doors, leafyfresh's ghost, weakling OpDe


Innate Abilities, Weirdness & Mutations

You cannot wear most types of armour.
You are amphibious.
You can wear up to eight rings at the same time.
Your skin changes colour to match your surroundings (Stealth+).
Your rubbery body absorbs attacks. (AC +1, EV +1)
((You are camouflaged when in or above water. (Stealth+)))
You have tentacles for arms and can constrict up to eight enemies at once.


Message History

The yak is heavily wounded.
You hit the yak.
The yak is severely wounded.
You hit the yak.
The yak is severely wounded.
You hit the yak.
The yak is lightly wounded.
You hit the yak. You squeeze the yak, but do no damage.
The yak is lightly wounded.
You hit the yak. You squeeze the yak, but do no damage.
The yak is moderately wounded.
You hit the yak. You squeeze the yak.
The yak is heavily wounded.
Uskayaw will force your foes to helplessly watch your dance.
Uskayaw prepares the audience for your solo!
The helpless yak fails to defend itself.
You perforate the yak like a sieve!!!
You kill the yak!
Your Stealth skill increases to level 12!
The yak is no longer paralysed. x2; The yak gores you!
The yak misses you.
You hit the yak but do no damage.
The yak is severely wounded.
The yak gores you! The yak misses you.
You hit the yak.
The yak is lightly wounded.
You barely miss the yak.
The yak is lightly wounded.
The yak attacks as you move away! The yak gores you!
* * * LOW HITPOINT WARNING * * *
Uskayaw prepares the audience for your solo!
The helpless yak fails to defend itself.
You perforate the yak like a sieve!!!
You kill the yak!
Uskayaw will force your foes to share their pain.
Uskayaw links your audience in an emotional bond!
Your Short Blades skill increases to level 8!
Your Dodging skill increases to level 5!
The yak is no longer paralysed. x2; The yak barely misses you.
The yak gores you!
You die...

##. #...#.# #.# #>..
#####.#.#.# #.#
#...##.....#...###.#
♣ #.................
♣.
#....######.......
♣.## ####..###
#.......
♣♣♣...##.......#
#.......
.......#.#####.#
#....... .......#@#
#.# ########
.....[YYY# #.#######
# $......###
#.......## # .......
#######..### .......
##..## ....... ##.##
####### ##... #....
#....


You could see 3 yaks.

Vanquished Creatures
  2 yaks (D:8)
  Eustachio (D:6)
  A wraith (Ossuary)
  A water moccasin (D:8)
  2 black bears
  An ice beast (D:6)
  A sky beast (D:8)
  3 ogres
  2 centaurs
  A kobold brigand (D:5)
  A phantom (D:7)
  2 necrophages
  A bullfrog (D:7)
  5 scorpions
  6 killer bees (D:8)
  2 human zombies (Ossuary)
  2 hounds (D:5)
  2 jellies
  3 iguanas
  3 orc wizards
  3 mummies (Ossuary)
  3 gnolls (D:2)
  6 adders
  2 shadow imps
  A white imp (D:5)
  2 ufetubi (D:5)
  7 worms
  3 dart slugs
  12 orcs
  8 ball pythons
  3 bats
  10 endoplasms
  5 giant cockroaches
  12 goblins
  6 hobgoblins
  8 kobolds
  3 quokkas
  2 frilled lizards
  3 goblin zombies (Ossuary)
  2 hobgoblin zombies (Ossuary)
  2 kobold zombies (Ossuary)
  An orc zombie (Ossuary)
  6 rats
152 creatures vanquished.

Vanquished Creatures (others)
  A goblin (D:1)
1 creature vanquished.

Grand Total: 153 creatures vanquished

Notes
Turn   | Place    | Note
-------+----------+-------------------------------------------
     0 | D:1      | firemarshallily the Octopode Brigand began the quest for
                  | the Orb.
     0 | D:1      | Reached XP level 1. HP: 14/14 MP: 1/1
   150 | D:1      | Reached XP level 2. HP: 18/19 MP: 2/2
   937 | D:2      | Reached XP level 3. HP: 24/24 MP: 3/3
   988 | D:2      | Reached skill level 6 in Stealth
  1616 | D:3      | Reached XP level 4. HP: 30/30 MP: 4/4
  2566 | D:4      | Reached XP level 5. HP: 31/36 MP: 5/5
  2621 | D:4      | Reached skill level 7 in Stealth
  2678 | D:4      | Noticed an ogre
  2689 | D:4      | Killed an ogre
  2690 | D:4      | Reached XP level 6. HP: 31/42 MP: 6/6
  3238 | D:4      | Found a runed translucent gate.
  3238 | D:4      | Found a runed translucent gate.
  3239 | D:4      | Found a runed translucent gate.
  3241 | D:4      | Noticed nshep25's ghost (amateur MiFi)
  3245 | D:4      | Found a broken altar of Ashenzari.
  3321 | D:4      | Reached skill level 8 in Stealth
  3321 | D:4      | Reached XP level 7. HP: 24/46 MP: 7/7
  3961 | D:5      | Entered Level 5 of the Dungeon
  4016 | D:5      | Reached skill level 5 in Short Blades
  4339 | D:5      | Found a white marble altar of Elyvilon.
  4374 | D:5      | Found a sand-covered staircase.
  4386 | Ossuary  | Entered an ossuary
  4386 | Ossuary  | Noticed a wraith
  4386 | Ossuary  | Noticed a wraith
  4386 | Ossuary  | Noticed a wraith
  4586 | Ossuary  | Identified a scroll of acquirement
  4588 | Ossuary  | Acquired a +3 quick blade
  4752 | Ossuary  | Noticed a wraith
  4754 | Ossuary  | Killed a wraith
  4755 | Ossuary  | Reached skill level 9 in Stealth
  4755 | Ossuary  | Reached XP level 8. HP: 54/54 MP: 8/8
  5048 | D:5      | Found an ornate altar of the Wu Jian Council.
  5048 | D:5      | Found a sparkling altar of Nemelex Xobeh.
  5050 | D:5      | Found a runed translucent gate.
  5051 | D:5      | Found a runed translucent gate.
  5051 | D:5      | Found a burning altar of Makhleb.
  5052 | D:5      | Found a runed translucent gate.
  5052 | D:5      | Noticed leafyfresh's ghost (weakling OpDe)
  5053 | D:5      | Identified the +7 whip of Cheese {distort, rF++ Str-5 Int+4
                  | SInv}
  5053 | D:5      | Identified the +0 ring mail of the Vaults {rElec Will-
                  | Regen+ Str+8}
  5119 | D:5      | Found a hide-covered altar of Uskayaw.
  5123 | D:5      | Found a snail-covered altar of Cheibriados.
  5127 | D:5      | Became a worshipper of Uskayaw the Reveller
  5143 | D:5      | Found an iron altar of Okawaru.
  5149 | D:5      | Reached * piety under Uskayaw
  5185 | D:5      | Reached ** piety under Uskayaw
  5191 | D:5      | Reached *** piety under Uskayaw
  5694 | D:5      | Found a shimmering altar of Xom.
  5696 | D:5      | Found a shimmering blue altar of Sif Muna.
  5696 | D:5      | Found an ornate altar of the Wu Jian Council.
  5699 | D:5      | Found a shadowy altar of Dithmenos.
  5699 | D:5      | Found a glowing golden altar of the Shining One.
  5699 | D:5      | Found a hide-covered altar of Uskayaw.
  5755 | D:5      | Reached skill level 10 in Stealth
  6095 | D:6      | Identified the +0 leather armour "Sabbiurech" {Dex+4}
  6103 | D:6      | Found an opulent altar of Gozag.
  6108 | D:6      | Found a staircase to the Ecumenical Temple.
  6108 | D:6      | Noticed Eustachio
  6111 | D:6      | Killed Eustachio
  6353 | D:6      | Reached XP level 9. HP: 57/60 MP: 9/9
  6427 | D:6      | Reached skill level 5 in Fighting
  6557 | D:7      | Reached skill level 11 in Stealth
  7631 | D:8      | Reached **** piety under Uskayaw
  7636 | D:8      | Reached ***** piety under Uskayaw
  7760 | D:8      | Reached skill level 12 in Stealth
  7766 | D:8      | Reached skill level 5 in Dodging
  7766 | D:8      | Slain by a yak

Illustrated notes

Levels and vault maps discovered:
D:1:      lemuel_arrival_room, layout_rooms
D:2:      layout_basic
D:3:      minmay_razor_zed, layout_basic
D:4:      layout_loops_ring, mainiacjoe_overflow_tiny_flanked,
          gammafunk_ghost_necromancy
D:5:      layout_loops_corners, doesnt_xom_only_xom, lemuel_doored_altar,
          mainiacjoe_overflow_paths, grunt_temple_overflow_open,
          nicolae_ossuary_entry_ruins, biasface_ghost_orc_armoury
D:6:      layout_rooms, old_standard_altar, minmay_temple_entry_statues,
          uniq_eustachio
D:7:      layout_loops_ring, grunt_ministairs_14
D:8:      layout_basic, mainiacjoe_overflow_alcove_1, sigmund_army

Skill      XL: |  1  2  3  4  5  6  7  8  9 |
---------------+----------------------------+-----
Stealth        | 6 7 8 9 10 12 | 12.2
Short Blades   | 3 4 5 6 8 |  8.0
Fighting       | 3 4 5 |  5.7
Dodging        | 2 3 4 5 |  5.0
Throwing       | |  2.0

Action                   |  1- 3 |  4- 6 |  7- 9 || total
-------------------------+-------+-------+-------++-------
Melee: Dagger            |    63 |    76 |    46 ||   185
       Constrict         |    13 |    16 |    36 ||    65
       Tentacles         |    11 |    15 |    47 ||    73
       Quick blade       |       |       |   165 ||   165
       Punch             |       |       |     3 ||     3
Throw: Javelin           |       |       |     1 ||     1
  Use: Scroll            |       |       |    20 ||    20
 Stab: Sleeping          |    12 |    18 |    29 ||    59
       Distracted        |     1 |       |     2 ||     3
       Paralysed         |       |       |     5 ||     5
Armor: Skin              |     2 |     2 |     3 ||     7
Dodge: Dodged            |    22 |    31 |    54 ||   107
Block: Other             |       |       |     3 ||     3
